Description

Proxy 3 Rax Reaper by uThermal against Snute

VOD

https://www.youtube.com/watch?v=6_TtlfSMNJ8

Replay - Snute v uThermal: Game 1 - Apotheosis LE

Build Order

Get SALT Encoding   

  12  0:09  Supply Depot  
  12  0:13  SCV  
  13  0:41  Refinery, Barracks  
  13  0:55  Barracks  
  13  1:00  SCV  
  14  1:12  SCV  
  15  1:28  Reaper  
  15  1:30  Barracks  
  16  1:36  Refinery  
  16  1:43  Reaper  
  17  2:00  Bunker  
  17  2:01  Reaper  
Spawning Tool Build Advisor. Get it on Overwolf

Go to:

Details

  • Created by: metalphp
  • Published on: Sep 19, 2016
  • Modified on: Sep 19, 2016
  • Patch: Pre-3.8.0
Show
View Real Time Build Order
Export as new Build Order

Comments (0)

There are no comments. Be the first!

Create an account to comment!